 Dungeon Crawl Stone Soup version 0.20.1-1-g8b1a95d (webtiles) character file.

19226 JackS81 the Carver (level 12, -9/121 HPs)
             Began as a Minotaur Fighter on Aug 18, 2017.
             Was a High Priest of Okawaru.
             Mangled by a tarantella (13 damage)
             ... on level 1 of the Spider Nest on Aug 19, 2017.
             The game lasted 01:13:20 (13224 turns).

JackS81 the Carver (Minotaur Fighter)              Turns: 13224, Time: 01:13:21

Health: -9/121     AC: 21    Str: 29    XL:     12   Next: 34%
Magic:  11/16      EV:  5    Int:  5    God:    Okawaru [*****.]
Gold:   1337       SH:  0    Dex: 10    Spells: 11/11 levels left

rFire    . . .     SeeInvis +   U - +1 long sword (holy)
rCold    + . .     Gourm    .   c - +1 shield
rNeg     + + .     Faith    .   C - +0 plate armour
rPois    +         Spirit   .   (helmet unavailable)
rElec    +         Reflect  .   z - +2 cloak {rPois}
rCorr    .         Harm     +   (no gloves)
MR       .....                  (no boots)
Stlth    ..........             n - amulet of harm
Regen    0.3/turn               I - ring of positive energy
MPRegen  0.2/turn               K - ring of the Frog {rC+ rN+ Str+3 SInv}

@: heroism, finesse, held
A: retaliatory headbutt, horns 3, robust 1, electricity resistance
a: Heroism, Finesse, Renounce Religion


You were on level 1 of the Spider Nest.
You worshipped Okawaru.
Okawaru was extremely pleased with you.
You were hungry.

You visited 4 branches of the dungeon, and saw 15 of its levels.

You collected 1382 gold pieces.
You spent 45 gold pieces at shops.

Inventory:

Hand Weapons
 E - a +3 dagger of venom
 S - a +2 shortbow of flaming
 U - a +1 long sword of holy wrath (weapon)
Missiles
 e - 40 poisoned needles
 i - 26 tomahawks (quivered)
 m - 5 curare-tipped needles
 B - 110 bolts
 P - 138 arrows
Armour
 c - a +1 shield (worn)
 u - the +2 leather armour of Darkness {-Cast rF+ Str+2}
   (You found it on level 5 of the Dungeon)

   It affects your strength (+2).
   It protects you from fire.
   It prevents spellcasting.
 z - a +2 cloak of poison resistance (worn)
 C - a +0 plate armour (worn)
 L - the +3 robe "Keavutod" {rC++, unknown}
   (You found it on level 6 of the Dungeon)

   It greatly protects you from cold.
 X - a scarf of resistance
Jewellery
 n - an amulet of harm (around neck)
 r - an uncursed ring of ice
 y - an uncursed ring of wizardry {unknown}
 I - a ring of positive energy (left hand)
 K - the ring of the Frog (right hand) {rC+ rN+ Str+3 SInv}
   (You found it on level 9 of the Dungeon)

   [ring of protection from cold]

   It affects your strength (+3).
   It protects you from cold.
   It protects you from negative energy.
   It lets you see invisible.
 R - an uncursed ring of flight
 Z - an uncursed ring of teleportation
Wands
 b - a wand of polymorph (15/24)
 o - a wand of digging (10/24)
 t - a wand of iceblast (6/15)
 J - a wand of confusion (24/48)
 M - a wand of flame (23/48)
 Q - a wand of iceblast (0/15)
 T - a wand of polymorph (4/24)
 V - a wand of enslavement (9/24)
 Y - a wand of digging (3/24)
Scrolls
 q - a scroll of enchant armour
 w - 4 scrolls of amnesia
 x - 5 scrolls of teleportation
 D - a scroll of magic mapping
 F - a scroll of enchant weapon
 H - 4 scrolls of blinking
 N - 2 scrolls of fog
 O - 3 scrolls of recharging
Potions
 a - a potion of heal wounds
 d - 5 potions of might
 g - 2 potions of lignification
 k - a potion of agility
 l - a potion of berserk rage
 p - 2 potions of ambrosia
 s - 2 potions of curing
 v - a potion of resistance
 A - a potion of flight
 G - a potion of invisibility
Comestibles
 f - 5 bread rations
 h - 5 royal jellies
 j - 3 meat rations
 W - 24 fruits


   Skills:
 + Level 11.1(16.1) Fighting
 - Level 14.0(19.0) Long Blades
 + Level 13.0(18.0) Armour
 - Level 0.3(5.3) Stealth
 + Level 6.9(11.9) Shields
 * Level 7.9 Invocations


You had 11 spell levels left.
You didn't know any spells.

Dungeon Overview and Level Annotations

Branches:
Dungeon (10/15)            Temple (0/1) D:5            Lair (2/6) D:10
 Spider (1/4) Lair:2          Orc (2/2) D:9             Elf (0/3) Orc:2
  Swamp: Lair:2-4    Shoals: Lair:2-4

Altars:
Ashenzari
Cheibriados
Gozag
Makhleb
Nemelex Xobeh
Okawaru
Ru
Trog
Xom
Zin

Shops:
D:8 ?   D:9 (   Orc:2 (

Annotations:
Orc:1 Josephine


Innate Abilities, Weirdness & Mutations

You reflexively headbutt those who attack you in melee.
You have a pair of large horns on your head.
You are robust. (+10% HP)
You are resistant to electric shocks. (rElec)


Message History

The jumping spider completely misses you.
The jumping spider barely misses you.
A tarantella comes into view.
The tarantella hisses angrily.
A tarantella comes into view.
The tarantella hisses angrily.
You hit the jumping spider but do no damage.
You block the jumping spider's attack.
The jumping spider bites you but does no damage.
Your plate armour prevents you from hitting the jumping spider.
You headbutt the jumping spider, but do no damage.
The jumping spider pounces on you!
* * * LOW HITPOINT WARNING * * *
You are caught in a web!
The jumping spider bites you.
* * * LOW HITPOINT WARNING * * *
You struggle to detach yourself from the web.
The tarantella bites you!
* * * LOW HITPOINT WARNING * * *
The tarantella bites you!
You die... .#. .. s#s

.. ##. # .$#. ..
..#.##. ....##.
#..#.... .#.=.>.
.......
#......#†......
#.#..<#.#
#..s#s.#
....#.s@#.......
.#........#..###
........##...#
...#...s# ...#
#..#.##.# ....#
.# #. .#. .#.# #
# . .... .


You could see an orb spider, a jumping spider, 3 tarantellas and a redback
(wandering).

Vanquished Creatures
  Fannar (Orc:1)
  A hydra (Lair:2)
  The ghost of JackS81 the Slicer, a novice MiBe of Trog (D:8)
  A two-headed ogre (D:8)
  An orc high priest (Orc:1)
  An orc knight (D:9)
  2 wolf spiders (Spider:1)
  2 cyclopes (Orc:1)
  4 spiny frogs
  A black mamba (Lair:1)
  2 komodo dragons
  3 jumping spiders (Spider:1)
  3 trolls
  A hornet (Spider:1)
  The ghost of Theopeo the Covert, an amateur OpAs (D:4)
  4 hippogriffs
  5 blink frogs (Lair:1)
  Grinder (D:4)
  A wraith (Orc:1)
  4 redbacks
  4 yaks (D:10)
  2 basilisks (Lair:1)
  Edmund (D:4)
  Duvessa (D:6)
  4 water moccasins (Lair:1)
  A porcupine (Lair:2)
  8 orc warriors
  4 sky beasts
  4 ice beasts
  A black bear (D:6)
  6 ogres
  4 centaurs
  6 crocodiles
  2 big kobolds
  Blork the orc (D:5)
  13 bullfrogs
  Dowan (D:6)
  4 scorpions
  A wyvern skeleton (D:5)
  5 killer bees (D:10)
  6 howler monkeys
  4 bullfrog zombies
  4 crimson imps
  7 orc priests
  A centaur skeleton (D:10)
  7 hounds
  A jelly (D:8)
  9 orc wizards
  2 bullfrog skeletons
  3 iguanas
  11 worker ants
  Natasha (twice) (D:2)
  A hound zombie (D:5)
  A hound skeleton (D:10)
  Robin (D:4)
  6 gnolls
  A worker ant zombie (D:7)
  11 adders
  2 oozes (D:1)
  3 adder skeletons
  2 adder zombies
  2 worms
  2 dart slugs
  5 leopard geckos
  56 orcs
  7 giant cockroaches
  17 goblins
  11 hobgoblins
  22 jackals
  3 quokkas
  10 bats
  5 frilled lizards
  A jackal skeleton (D:6)
  17 kobolds
  A leopard gecko zombie (D:6)
  9 rats
366 creatures vanquished.

Vanquished Creatures (others)
  An orc (Orc:1)
  A fungus (Orc:2)
2 creatures vanquished.

Grand Total: 368 creatures vanquished

Notes
Turn   | Place    | Note
-------+----------+-------------------------------------------
     0 | D:1      | JackS81 the Minotaur Fighter began the quest for the Orb.
     0 | D:1      | Reached XP level 1. HP: 19/19 MP: 0/0
   157 | D:1      | Reached XP level 2. HP: 26/26 MP: 1/1
   193 | D:1      | Reached skill level 3 in Long Blades
   300 | D:1      | Reached XP level 3. HP: 30/31 MP: 2/2
   873 | D:2      | Found an opulent altar of Gozag.
   904 | D:2      | Found a glowing silver altar of Zin.
  1094 | D:2      | Reached skill level 4 in Long Blades
  1139 | D:2      | Found an iron altar of Okawaru.
  1140 | D:2      | Noticed Natasha
  1145 | D:2      | Killed Natasha
  1145 | D:2      | Reached XP level 4. HP: 35/39 MP: 3/3
  1187 | D:2      | Became a worshipper of Warmaster Okawaru
  1431 | D:2      | Noticed Natasha
  1435 | D:2      | Killed Natasha
  1435 | D:2      | Reached skill level 5 in Long Blades
  1698 | D:3      | Reached XP level 5. HP: 45/45 MP: 4/4
  1858 | D:3      | Reached skill level 5 in Armour
  1903 | D:3      | Reached skill level 6 in Long Blades
  2411 | D:4      | Noticed Theopeo's ghost (amateur OpAs)
  2428 | D:4      | Killed Theopeo's ghost
  2428 | D:4      | Reached * piety under Okawaru
  2428 | D:4      | Reached skill level 7 in Long Blades
  2428 | D:4      | Reached XP level 6. HP: 40/51 MP: 5/5
  2622 | D:4      | Noticed Robin
  2652 | D:4      | Killed Robin
  2652 | D:4      | Reached skill level 8 in Long Blades
  2741 | D:4      | Noticed Grinder
  2749 | D:4      | Paralysed by Grinder for 2 turns
  2763 | D:4      | Killed Grinder
  2763 | D:4      | Reached XP level 7. HP: 34/57 MP: 6/6
  2820 | D:4      | Noticed Edmund
  2835 | D:4      | Killed Edmund
  2835 | D:4      | Reached skill level 9 in Long Blades
  2946 | D:4      | Reached ** piety under Okawaru
  3202 | D:5      | Entered Level 5 of the Dungeon
  3202 | D:5      | Noticed Blork the orc
  3204 | D:5      | Got a translucent leather armour
  3212 | D:5      | Killed Blork the orc
  3212 | D:5      | Reached skill level 10 in Long Blades
  3212 | D:5      | Reached XP level 8. HP: 66/66 MP: 4/7
  3281 | D:5      | Found a sacrificial altar of Ru.
  3302 | D:5      | Identified the +2 leather armour of Darkness {-Cast rF+ Str+2} (You found it on level 5 of the Dungeon)
  3339 | D:5      | Found a shimmering altar of Xom.
  3340 | D:5      | Found a burning altar of Makhleb.
  3358 | D:5      | Reached skill level 11 in Long Blades
  3508 | D:5      | Found a staircase to the Ecumenical Temple.
  3565 | D:6      | Got a shimmering robe
  3595 | D:6      | Reached *** piety under Okawaru
  3647 | D:6      | Reached skill level 12 in Long Blades
  3703 | D:6      | Reached XP level 9. HP: 65/72 MP: 8/8
  3802 | D:6      | Noticed Dowan
  3804 | D:6      | Noticed Duvessa
  3823 | D:6      | Killed Duvessa
  3830 | D:6      | Killed Dowan
  3929 | D:6      | Reached skill level 5 in Fighting
  3929 | D:6      | Reached skill level 13 in Long Blades
  4438 | D:7      | Reached skill level 1 in Invocations
  4492 | D:7      | Reached **** piety under Okawaru
  4764 | D:7      | Found a snail-covered altar of Cheibriados.
  4785 | D:7      | Got a pitted leather armour
  4831 | D:7      | Identified the +1 leather armour "Acwed" {*Drain Str+6 Int+3} (You found it on level 7 of the Dungeon)
  5184 | D:7      | You fall through a shaft!
  5184 | D:8      | Found Umyuma Wifa's Magic Scroll Emporium.
  5185 | D:8      | Found a shattered altar of Ashenzari.
  5224 | D:8      | Bought a scroll of fog for 30 gold pieces
  5224 | D:8      | Bought a scroll of random uselessness for 15 gold pieces
  5423 | D:8      | Found a bloodstained altar of Trog.
  5548 | D:8      | Noticed a two-headed ogre
  5563 | D:8      | Killed a two-headed ogre
  5563 | D:8      | Reached XP level 10. HP: 8/86 MP: 11/11
  5566 | D:8      | Reached ***** piety under Okawaru
  6076 | D:8      | Found a sparkling altar of Nemelex Xobeh.
  6076 | D:8      | Noticed JackS81's ghost (novice MiBe)
  6104 | D:8      | Killed JackS81's ghost
  6566 | D:9      | Found Zeun's Weapon Shoppe.
  6583 | D:9      | Reached skill level 10 in Armour
  6615 | D:9      | Gained mutation: You are resistant to electric shocks. (rElec) [potion of mutation]
  6615 | D:9      | Gained mutation: You have a pair of large horns on your head. [potion of mutation]
  6615 | D:9      | Gained mutation: You are robust. (+10% HP) [potion of mutation]
  6658 | D:9      | Found a staircase to the Orcish Mines.
  6749 | D:9      | Got a glittering marble ring
  7048 | D:9      | Reached skill level 5 in Invocations
  7234 | Orc:1    | Entered Level 1 of the Orcish Mines
  7274 | Orc:1    | Identified the ring of the Frog {rC+ rN+ Str+3 SInv} (You found it on level 9 of the Dungeon)
  7871 | Orc:1    | Noticed a cyclops
  7886 | Orc:1    | Killed a cyclops
  7886 | Orc:1    | Received a gift from Okawaru
  7903 | Orc:1    | Noticed an orc knight
  7932 | D:9      | Killed an orc knight
  8020 | Orc:1    | Reached XP level 11. HP: 29/106 MP: 14/14
  8578 | Orc:1    | Noticed Fannar
  8636 | Orc:1    | Killed Fannar
  8721 | Orc:2    | Entered Level 2 of the Orcish Mines
  8721 | Orc:2    | Found a staircase to the Elven Halls.
  8721 | Orc:2    | Found Echeituh's Antique Weapon Shoppe.
  8721 | Orc:2    | Noticed an orc sorcerer
  8721 | Orc:2    | Noticed an orc warlord
  8721 | Orc:2    | Noticed an orc knight
  8721 | Orc:2    | Noticed an orc high priest
  9214 | Orc:2    | Noticed a soul eater
  9223 | Orc:1    | Noticed a soul eater
  9248 | Orc:1    | HP: 1/162 [orc warrior/battleaxe (12)]
  9259 | Orc:1    | Killed an orc high priest
  9643 | Orc:1    | Noticed Josephine
  9654 | Orc:1    | Noticed an orc high priest
 10064 | D:10     | Entered Level 10 of the Dungeon
 10140 | D:10     | Reached skill level 10 in Fighting
 10736 | D:10     | Found a staircase to the Lair.
 10749 | Lair:1   | Entered Level 1 of the Lair of Beasts
 11349 | Lair:1   | Reached skill level 5 in Shields
 11637 | Lair:1   | Reached skill level 14 in Long Blades
 12097 | Lair:2   | Reached ****** piety under Okawaru
 12359 | Lair:2   | Received a gift from Okawaru
 12359 | Lair:2   | Reached XP level 12. HP: 117/118 MP: 16/16
 12549 | Lair:2   | Noticed a four-headed hydra
 12564 | Lair:2   | Killed a nine-headed hydra
 12775 | Lair:2   | Found a hole to the Spider Nest.
 13192 | Spider:1 | Entered Level 1 of the Spider Nest
 13224 | Spider:1 | HP: 4/121 [tarantella (13)]
 13224 | Spider:1 | Mangled by a tarantella

Skill      XL: |  1  2  3  4  5  6  7  8  9 10 11 12 |
---------------+-------------------------------------+-----
Armour         | 4 5 6 8 11 12 13 | 13.0
Long Blades    | 3 4 5 7 8 10 12 13 14 | 14.0
Fighting       | 4 7 9 10 11 | 11.1
Invocations    | 3 5 7 |  7.9
Shields        | 5 6 |  6.9
Stealth        | |  0.3

Action                   |  1- 3 |  4- 6 |  7- 9 | 10-12 || total
-------------------------+-------+-------+-------+-------++-------
Melee: Long sword        |    68 |   163 |   393 |   589 ||  1213
       Headbutt          |     7 |    20 |    95 |   130 ||   252
Throw: Tomahawk          |       |       |       |    16 ||    16
Invok: Heroism           |       |       |     3 |    15 ||    18
       Finesse           |       |       |       |     3 ||     3
Evoke: Wand              |       |       |       |     8 ||     8
  Use: Scroll            |     2 |     8 |     3 |     5 ||    18
       Potion            |       |       |     1 |    19 ||    20
  Eat: Chunk             |     1 |     5 |     5 |     4 ||    15
       Bread ration      |       |       |     1 |     4 ||     5
       Fruit             |       |       |       |     3 ||     3
Armor: Scale mail        |    28 |    12 |       |       ||    40
       Chain mail        |       |    56 |       |       ||    56
       Plate armour      |       |    16 |   144 |   255 ||   415
       Skin              |       |       |       |     6 ||     6
Dodge: Dodged            |    30 |    40 |    51 |    97 ||   218
Block: Shield            |    25 |    48 |   152 |   278 ||   503
       Buckler           |     1 |    16 |       |       ||    17
       Rpst.: Long sword |     8 |    12 |    20 |    16 ||    56
